[Event "XLI Barbera del Valles Open 2018"]
[Site "Barbera del Valles"]
[Date "2018.07.04"]
[Round "1"]
[White "Karthik Venkataraman"]
[Black "Perez Campos, Adria"]
[Result "1/2-1/2"]
[ECO "B76"]
[WhiteElo "2514"]
[BlackElo "2207"]
[Annotator "ChessBase"]
[PlyCount "142"]
[EventDate "2018.07.04"]
[EventType "swiss"]
[EventCountry "ESP"]
[SourceTitle "playchess.com"]
[Source "ChessBase"]
[SourceQuality "1"]
[TimeControl "5400+30"]

1. e4 c5 2. Nf3 d6 3. d4 cxd4 4. Nxd4 Nf6 5. Nc3 g6 6. Be3 Bg7 7. f3 O-O 8. Qd2 Nc6 9. O-O-O d5 10. Qe1 e5 11. Nxc6 bxc6 12. exd5 Nxd5 13. Bc4 Be6 14. Ne4 Qc7 15. Bc5 Rfd8 16. Qh4 h6 17. g4 Nf4 18. Bxe6 Nxe6 19. Be3 Nf4 20. Qf2 Rd5 21. Rd2 Qa5 22. Kb1 Rb8 23. c4 Rd3 24. Bxf4 Ra3 25. Qc5 exf4 26. Qxa5 Rxa5 27. Rhd1 f5 28. gxf5 Rxf5 29. b3 Rh5 30. Rg2 g5 31. Rd6 Rh3 32. Rf2 a5 33. Rxc6 a4 34. Kc2 axb3+ 35. axb3 Ra8 36. Kd3 Ra1 37. c5 g4 38. Rg6 Rxf3+ 39. Rxf3 gxf3 40. Rg4 Rd1+ 41. Nd2 Rc1 42. Rxf4 Rxc5 43. Rxf3 Rc3+ 44. Ke4 Rc2 45. Rd3 Kf7 46. Kd5 Rc3 47. Rxc3 Bxc3 48. Ne4 Be1 49. Nc5 Kg6 50. Nd3 Bd2 51. Ke4 Kg5 52. Kf3 Kf5 53. b4 Bc3 54. b5 Bd4 55. h3 Bb6 56. Nb2 Ke6 57. Ke4 Bg1 58. Nc4 Bh2 59. b6 h5 60. Kd4 Bg1+ 61. Ke4 Bh2 62. Nd2 Kd6 63. Nf1 Bg1 64. Ne3 Kc6 65. Nd5 h4 66. Ke5 Bxb6 67. Nxb6 Kxb6 68. Kf5 Kc6 69. Kg5 Kd6 70. Kxh4 Ke6 71. Kg5 Kf7 1/2-1/2

[Event "XLI Barbera del Valles Open 2018"]
[Site "Barbera del Valles"]
[Date "2018.07.04"]
[Round "1"]
[White "Munoz, Miguel"]
[Black "Sapale Saloni"]
[Result "1-0"]
[ECO "C03"]
[WhiteElo "2500"]
[BlackElo "2145"]
[Annotator "ChessBase"]
[PlyCount "99"]
[EventDate "2018.07.04"]
[EventType "swiss"]
[EventCountry "ESP"]
[SourceTitle "playchess.com"]
[Source "ChessBase"]
[SourceQuality "1"]
[TimeControl "5400+30"]

1. e4 e6 2. d4 d5 3. Nd2 h6 4. Ngf3 Nf6 5. Bd3 c5 6. exd5 exd5 7. Qe2+ Be7 8. dxc5 O-O 9. Nb3 Bxc5 10. Nxc5 Qa5+ 11. c3 Qxc5 12. O-O Nc6 13. Bf4 Re8 14. Qd2 Ne4 15. Qc2 Bg4 16. Be3 Qd6 17. Nd4 Nxd4 18. Bxd4 Nc5 19. Rfe1 Nxd3 20. Qxd3 a6 21. Bxg7 Qf4 22. Bd4 Bf5 23. Qd1 Kh7 24. Qh5 Be6 25. Re3 Rg8 26. Rf3 Qc7 27. Re1 Rg5 28. Qh4 Rag8 29. Rg3 Rxg3 30. hxg3 Rg6 31. f4 f5 32. g4 Qf7 33. gxf5 Qxf5 34. Re5 Qc2 35. Qe7+ Kg8 36. Bf2 Qd1+ 37. Re1 Qg4 38. g3 Qh3 39. Re3 Qg4 40. Qe8+ Kh7 41. Qe7+ Kg8 42. Qxb7 Qd1+ 43. Be1 d4 44. Qa8+ Kh7 45. Qa7+ Rg7 46. Qxd4 Rxg3+ 47. Rxg3 Qxe1+ 48. Kh2 Qe2+ 49. Rg2 Qh5+ 50. Kg1 1-0

[Event "XLI Barbera del Valles Open 2018"]
[Site "Barbera del Valles"]
[Date "2018.07.04"]
[Round "1"]
[White "Manolache, Marius"]
[Black "Rueda Marquez, David J"]
[Result "1-0"]
[ECO "A80"]
[WhiteElo "2494"]
[BlackElo "2110"]
[Annotator "ChessBase"]
[PlyCount "55"]
[EventDate "2018.07.04"]
[EventType "swiss"]
[EventCountry "ESP"]
[SourceTitle "playchess.com"]
[Source "ChessBase"]
[SourceQuality "1"]
[TimeControl "5400+30"]

1. d4 f5 2. Nc3 Nf6 3. Bg5 d5 4. Bxf6 exf6 5. e3 Be6 6. Bb5+ c6 7. Bd3 Qb6 8. Nge2 Bd6 9. Na4 Qc7 10. Qd2 Nd7 11. Nf4 Bxf4 12. exf4 O-O-O 13. O-O g6 14. b4 h5 15. Rfb1 b6 16. Nc5 bxc5 17. Ba6+ Kb8 18. bxc5+ Ka8 19. Bb7+ Qxb7 20. Rxb7 Kxb7 21. Qe2 Rhe8 22. Rb1+ Kc7 23. Qa6 Rb8 24. Qxa7+ Kc8 25. Rb6 Bg8 26. Rxc6+ Kd8 27. Qc7+ Ke7 28. h4 1-0

[Event "XLI Barbera del Valles Open 2018"]
[Site "Barbera del Valles"]
[Date "2018.07.04"]
[Round "1"]
[White "Nieto Farreny, Francesc"]
[Black "Asis, Tommy"]
[Result "1/2-1/2"]
[ECO "E46"]
[WhiteElo "2177"]
[BlackElo "2538"]
[Annotator "ChessBase"]
[PlyCount "130"]
[EventDate "2018.07.04"]
[EventType "swiss"]
[EventCountry "ESP"]
[SourceTitle "playchess.com"]
[Source "ChessBase"]
[SourceQuality "1"]
[TimeControl "5400+30"]

1. d4 Nf6 2. c4 e6 3. Nc3 Bb4 4. e3 O-O 5. Nge2 Re8 6. a3 Bf8 7. d5 a5 8. Ng3 Na6 9. Be2 Nc5 10. b3 d6 11. O-O exd5 12. cxd5 g6 13. Qc2 h5 14. Bb5 Bd7 15. Bxd7 Qxd7 16. f3 Bg7 17. Rb1 c6 18. b4 h4 19. Nge2 axb4 20. axb4 Na6 21. Rd1 c5 22. bxc5 Nxc5 23. e4 Rac8 24. Qd2 h3 25. g4 Na4 26. Nxa4 Qxa4 27. Rb4 Qa7+ 28. Qe3 Qa5 29. Qb6 Qxb6+ 30. Rxb6 Rc2 31. Kf1 Ra8 32. Rd2 Rxd2 33. Bxd2 Ra2 34. Bc3 Nh7 35. Bxg7 Kxg7 36. Rxb7 Ra3 37. Kf2 Ng5 38. Nd4 Kf6 39. Kg3 Rd3 40. Rb4 Nxe4+ 41. Kxh3 Nc3 42. Rb3 Ke5 43. Nc6+ Kf4 44. Nd4 Ke3 45. Nb5 Nxb5 46. Rxb5 Kxf3 47. Rb7 f5 48. Rg7 Kf4+ 49. Kh4 fxg4 50. Rf7+ Ke5 51. Kxg4 Kxd5 52. Rg7 Rd2 53. Kf3 Rxh2 54. Rxg6 Kc5 55. Ke3 d5 56. Rg8 Rh3+ 57. Kd2 Kc4 58. Rd8 Rh2+ 59. Ke3 Rh3+ 60. Kd2 Kd4 61. Rd7 Rh2+ 62. Kd1 Kc4 63. Rg7 d4 64. Rg3 d3 65. Rg8 Kd5 1/2-1/2

[Event "XLI Barbera del Valles Open 2018"]
[Site "Barbera del Valles"]
[Date "2018.07.04"]
[Round "1"]
[White "Porta Tovar, Guillem"]
[Black "Stella, Andrea"]
[Result "1/2-1/2"]
[ECO "A02"]
[WhiteElo "2160"]
[BlackElo "2504"]
[Annotator "ChessBase"]
[PlyCount "90"]
[EventDate "2018.07.04"]
[EventType "swiss"]
[EventCountry "ESP"]
[SourceTitle "playchess.com"]
[Source "ChessBase"]
[SourceQuality "1"]
[TimeControl "5400+30"]

1. f4 e5 2. fxe5 d6 3. g3 dxe5 4. Bg2 h5 5. Nc3 h4 6. e3 hxg3 7. hxg3 Rxh1 8. Bxh1 Qg5 9. Qf3 Nc6 10. Qf2 Nf6 11. Bxc6+ bxc6 12. Qg2 Nd5 13. e4 Nxc3 14. bxc3 Rb8 15. Qf2 c5 16. d3 Qh5 17. Ba3 Rb6 18. Bxc5 Rf6 19. Qe3 Bxc5 20. Qxc5 Qg5 21. Ne2 Rh6 22. Qf2 Rh1+ 23. Ng1 Qh6 24. Qxa7 Rh2 25. Ne2 Rh1+ 26. Ng1 Rh2 27. Ne2 Rxe2+ 28. Kxe2 Bg4+ 29. Kf1 Qh3+ 30. Kf2 Qh2+ 31. Kf1 Qh3+ 32. Kf2 Qh2+ 33. Kf1 Bh3+ 34. Ke1 Qh1+ 35. Kd2 Qxa1 36. Qb8+ Kd7 37. Qb5+ Kd8 38. Qd5+ Bd7 39. Qxf7 Qg1 40. Qg8+ Be8 41. Qd5+ Bd7 42. Qg8+ Be8 43. Qd5+ Bd7 44. Qg8+ Be8 45. Qd5+ Bd7 1/2-1/2

[Event "XLI Barbera del Valles Open 2018"]
[Site "Barbera del Valles"]
[Date "2018.07.04"]
[Round "1"]
[White "Deshpande, Aniruddha"]
[Black "Vasquez Schroeder, Rodrigo"]
[Result "0-1"]
[ECO "A62"]
[WhiteElo "2132"]
[BlackElo "2494"]
[Annotator "ChessBase"]
[PlyCount "112"]
[EventDate "2018.07.04"]
[EventType "swiss"]
[EventCountry "ESP"]
[SourceTitle "playchess.com"]
[Source "ChessBase"]
[SourceQuality "1"]
[TimeControl "5400+30"]

1. d4 Nf6 2. c4 e6 3. g3 c5 4. d5 exd5 5. cxd5 d6 6. Nc3 g6 7. Bg2 Bg7 8. Nf3 O-O 9. O-O Bf5 10. Nd2 Qd7 11. a4 Bh3 12. Nc4 Bxg2 13. Kxg2 Qe7 14. f3 Na6 15. Bf4 Rfd8 16. Nb5 Ne8 17. Ra3 Bf8 18. Re3 Qd7 19. Rxe8 Rxe8 20. Nbxd6 Red8 21. h4 Nb4 22. e4 f6 23. g4 Qc7 24. e5 fxe5 25. Nb5 Qf7 26. Bxe5 Rxd5 27. Qe1 Re8 28. Qg3 Qd7 29. Nc3 Nc6 30. Ne4 Be7 31. Bc3 Rf8 32. h5 g5 33. Ne3 Rd3 34. Nf5 Rxf5 35. gxf5 Qxf5 36. Qg4 Nd4 37. Ng3 Qxg4 38. fxg4 Bd6 39. Ne4 Be7 40. Ng3 Ne6 41. Nf5 Bf8 42. Be5 Rd5 43. Re1 Kf7 44. Kf3 c4 45. Ke4 Rd3 46. Bd4 Nxd4 47. Nxd4 Bg7 48. Nf3 Bxb2 49. Rb1 Rxf3 50. Rxb2 Rf4+ 51. Ke5 b6 52. a5 c3 53. Rb3 Rc4 54. axb6 axb6 55. Rxb6 c2 56. Rb7+ Ke8 {[%emt 0:00:05] Kd4} 0-1

[Event "XLI Barbera del Valles Open 2018"]
[Site "Barbera del Valles"]
[Date "2018.07.05"]
[Round "2"]
[White "Alsina Leal, Daniel"]
[Black "Cruz, Filemon"]
[Result "1-0"]
[ECO "B90"]
[WhiteElo "2492"]
[BlackElo "2314"]
[Annotator "ChessBase"]
[PlyCount "87"]
[EventDate "2018.07.04"]
[EventType "swiss"]
[EventCountry "ESP"]
[SourceTitle "playchess.com"]
[Source "ChessBase"]
[SourceQuality "1"]
[TimeControl "5400+30"]

1. e4 c5 2. Nf3 d6 3. d4 cxd4 4. Nxd4 Nf6 5. Nc3 a6 6. Be3 e5 7. Nb3 Be7 8. f3 Be6 9. Qd2 Nbd7 10. g4 h6 11. O-O-O Qc7 12. h4 Nb6 13. Qf2 Nfd7 14. Kb1 h5 15. Nd5 Bxd5 16. exd5 Nc4 17. Bc1 Rc8 18. Bd3 g6 19. Qe2 Kf8 20. Rdf1 Ndb6 21. f4 Nxd5 22. fxe5 dxe5 23. gxh5 Na3+ 24. Ka1 Nxc2+ 25. Bxc2 Qxc2 26. Qxe5 Rxh5 27. Bg5 Bxg5 28. hxg5 Rxh1 29. Rxh1 Ne7 30. Re1 Qc7 31. Qh8+ Ng8 32. Qh4 Qc4 33. Qg3 Qd5 34. a3 a5 35. Nc1 Qd2 36. Nd3 a4 37. Qd6+ Kg7 38. Qd7 Rf8 39. Qd4+ f6 40. Rg1 Qh2 41. Nf4 Rf7 42. gxf6+ Kh7 43. Rxg6 Qc2 44. Qg1 1-0

[Event "XLI Barbera del Valles Open 2018"]
[Site "Barbera del Valles"]
[Date "2018.07.05"]
[Round "2"]
[White "Valenzuela Gomez, Fernando"]
[Black "Ortiz Suarez, Isan Reynaldo"]
[Result "0-1"]
[ECO "B94"]
[WhiteElo "2389"]
[BlackElo "2548"]
[Annotator "ChessBase"]
[PlyCount "96"]
[EventDate "2018.07.04"]
[EventType "swiss"]
[EventCountry "ESP"]
[SourceTitle "playchess.com"]
[Source "ChessBase"]
[SourceQuality "1"]
[TimeControl "5400+30"]

1. e4 c5 2. Nf3 d6 3. d4 cxd4 4. Nxd4 Nf6 5. Nc3 a6 6. Bg5 Nbd7 7. Qe2 h6 8. Bh4 b5 9. f4 g5 10. fxg5 hxg5 11. Bxg5 Bb7 12. O-O-O e6 13. g3 Rg8 14. h4 b4 15. Nd5 exd5 16. Nc6 Bxc6 17. exd5+ Ne5 18. dxc6 Be7 19. Bh3 Qa5 20. Rhf1 Qxa2 21. Bxf6 Bxf6 22. Rxf6 Qa1+ 23. Kd2 Qxb2 24. Rf3 Qd4+ 25. Kc1 Qa1+ 26. Kd2 Qa5 27. Rb3 Qc5 28. Qe4 Qxc6 29. Qxc6+ Nxc6 30. Bg2 Rc8 31. Ra1 Nd4 32. Re3+ Kf8 33. Be4 d5 34. Bd3 b3 35. c3 b2 36. Rb1 Nb3+ 37. Ke2 Rxc3 38. Rxb2 a5 39. Kf2 a4 40. Rc2 Rc5 41. Ra2 Rg4 42. Bc2 Rb4 43. Bxb3 axb3 44. Rb2 Rc2+ 45. Re2 Rc3 46. Rb1 Kg7 47. Rbb2 Kg6 48. Re7 Re4 0-1

[Event "XLI Barbera del Valles Open 2018"]
[Site "Barbera del Valles"]
[Date "2018.07.05"]
[Round "2"]
[White "Gonzales, Jayson"]
[Black "Martinez Alcantara, Jose Eduardo"]
[Result "0-1"]
[ECO "A45"]
[WhiteElo "2367"]
[BlackElo "2545"]
[Annotator "ChessBase"]
[PlyCount "62"]
[EventDate "2018.07.04"]
[EventType "swiss"]
[EventCountry "ESP"]
[SourceTitle "playchess.com"]
[Source "ChessBase"]
[SourceQuality "1"]
[TimeControl "5400+30"]

1. d4 Nf6 2. Bg5 Ne4 3. Bf4 d5 4. f3 Nf6 5. Nc3 c5 6. e3 a6 7. Nge2 e6 8. g4 Nc6 9. Bg2 Be7 10. Qd2 b5 11. a4 b4 12. Nd1 a5 13. Nf2 Ba6 14. Nd3 cxd4 15. exd4 Qb6 16. Be3 O-O 17. O-O Rac8 18. Kh1 Nd7 19. Rad1 Qc7 20. f4 Nf6 21. Nf2 Nb8 22. Rc1 Nbd7 23. Rfe1 Ne8 24. b3 Nd6 25. f5 exf5 26. Nf4 Nb6 27. gxf5 Nxf5 28. Bh3 Nxe3 29. Bxc8 Qxf4 30. Rxe3 Nxc8 31. Rce1 Bh4 0-1

[Event "XLI Barbera del Valles Open 2018"]
[Site "Barbera del Valles"]
[Date "2018.07.05"]
[Round "2"]
[White "Frayna, Janelle Mae"]
[Black "Manolache, Marius"]
[Result "1-0"]
[ECO "E62"]
[WhiteElo "2315"]
[BlackElo "2494"]
[Annotator "ChessBase"]
[PlyCount "147"]
[EventDate "2018.07.04"]
[EventType "swiss"]
[EventCountry "ESP"]
[SourceTitle "playchess.com"]
[Source "ChessBase"]
[SourceQuality "1"]
[TimeControl "5400+30"]

1. Nf3 d6 2. c4 g6 3. Nc3 Bg7 4. d4 Nf6 5. g3 c6 6. Bg2 a6 7. O-O b5 8. b3 O-O 9. Bb2 Ra7 10. c5 dxc5 11. dxc5 Ne4 12. Qc2 Bf5 13. Nxe4 Bxe4 14. Qxe4 Bxb2 15. Rab1 Bg7 16. Rfd1 Rd7 17. Rxd7 Qxd7 18. a4 Rc8 19. h4 Qa7 20. Rc1 Rd8 21. Ne5 Bxe5 22. Qxe5 Qd7 23. h5 f6 24. Qe4 Kf7 25. axb5 axb5 26. Ra1 Qd4 27. Qxd4 Rxd4 28. Ra8 Rd1+ 29. Kh2 Rd8 30. f4 gxh5 31. Kh3 b4 32. Kh4 Rf8 33. Ra4 Nd7 34. Bxc6 Nxc5 35. Rxb4 Rc8 36. Bf3 Rd8 37. Rb5 Na6 38. Bxh5+ Kf8 39. Rb6 Nc7 40. Bf3 Nd5 41. Rb5 Ne3 42. g4 Nc2 43. Rd5 Rb8 44. Be4 Na1 45. Rd1 Nxb3 46. Rb1 Rb5 47. Bd3 Rb7 48. Be4 Rb5 49. e3 e5 50. f5 Nd2 51. Rxb5 Nxe4 52. Rb7 Kg8 53. Kh5 Ng3+ 54. Kh6 Nf1 55. Rb8+ Kf7 56. Rb7+ Kg8 57. Rb3 e4 58. Rb4 Nxe3 59. Rxe4 Nd5 60. Re8+ Kf7 61. Rh8 Ne3 62. Rxh7+ Kg8 63. Ra7 Nxg4+ 64. Kg6 Kf8 65. Ra4 Ne5+ 66. Kxf6 Nd7+ 67. Kg5 Ne5 68. Ra7 Nc6 69. Rc7 Nb4 70. Kg6 Nd5 71. Rf7+ Ke8 72. Ra7 Nf4+ 73. Kf6 Nd5+ 74. Ke5 1-0

[Event "XLI Barbera del Valles Open 2018"]
[Site "Barbera del Valles"]
[Date "2018.07.05"]
[Round "2"]
[White "Mitrabha, Guha"]
[Black "Aguero Jimenez, Luis Lazaro"]
[Result "1/2-1/2"]
[ECO "D02"]
[WhiteElo "2299"]
[BlackElo "2473"]
[Annotator "ChessBase"]
[PlyCount "112"]
[EventDate "2018.07.04"]
[EventType "swiss"]
[EventCountry "ESP"]
[SourceTitle "playchess.com"]
[Source "ChessBase"]
[SourceQuality "1"]
[TimeControl "5400+30"]

1. d4 d5 2. Nf3 Nf6 3. Bf4 Bf5 4. c4 e6 5. Nc3 Bb4 6. e3 c5 7. Bxb8 Rxb8 8. Qa4+ Qd7 9. Qxd7+ Kxd7 10. a3 Ba5 11. Rc1 Rhc8 12. dxc5 dxc4 13. Bxc4 b5 14. cxb6 Bxc3+ 15. Rxc3 Rxb6 16. O-O Rxb2 17. Rfc1 Ke7 18. Nd4 Nd5 19. Nxf5+ exf5 20. R3c2 Rxc2 21. Rxc2 Nb6 22. Bb3 Rxc2 23. Bxc2 Nc4 24. a4 Kd6 25. Bxf5 g6 26. Bc2 Kc5 27. g4 Kb4 28. g5 Nb6 29. a5 Kxa5 30. Bb3 Kb4 31. Bxf7 a5 32. Kf1 a4 33. Ke2 Kc3 34. Kd1 Kb2 35. e4 a3 36. f4 Na4 37. Kd2 Nc5 38. e5 a2 39. Bxa2 Kxa2 40. Ke3 Kb3 41. Kd4 Ne6+ 42. Kd5 Nxf4+ 43. Kd6 Kc4 44. e6 Nh5 45. e7 Ng7 46. Ke5 Kd3 47. h4 Ne8 48. Ke6 Ke4 49. Kf7 Nd6+ 50. Kg8 Kf5 51. Kxh7 Ke6 52. e8=Q+ Nxe8 53. Kxg6 Nd6 54. h5 Nf7 55. h6 Nxg5 56. Kxg5 Ke5 1/2-1/2

[Event "XLI Barbera del Valles Open 2018"]
[Site "Barbera del Valles"]
[Date "2018.07.06"]
[Round "3"]
[White "Asis, Tommy"]
[Black "Frayna, Janelle Mae"]
[Result "1-0"]
[ECO "B12"]
[WhiteElo "2538"]
[BlackElo "2315"]
[Annotator "ChessBase"]
[PlyCount "77"]
[EventDate "2018.07.04"]
[EventType "swiss"]
[EventCountry "ESP"]
[SourceTitle "playchess.com"]
[Source "ChessBase"]
[SourceQuality "1"]
[TimeControl "5400+30"]

1. e4 c6 2. d4 d5 3. e5 c5 4. dxc5 e6 5. a3 Nc6 6. Nf3 Bxc5 7. b4 Bb6 8. Bb2 Nge7 9. Bd3 Ng6 10. O-O Nf4 11. c4 O-O 12. Re1 a6 13. Bf1 dxc4 14. Nbd2 Nd3 15. Bxd3 Qxd3 16. Qc1 Nd4 17. Nxd4 Bxd4 18. Bxd4 Qxd4 19. Nxc4 b5 20. Nd6 Qb6 21. Ra2 Bb7 22. Rc2 Bd5 23. Rc5 f6 24. Qd2 Kh8 25. Rxd5 exd5 26. Qxd5 Qc7 27. e6 Qe7 28. Nf5 Qd8 29. Qxd8 Rfxd8 30. e7 Re8 31. Nd6 h5 32. f4 f5 33. Kf2 Kh7 34. Kg3 g6 35. Kh4 Rab8 36. Kg5 Kg7 37. Re6 Kh7 38. Nxe8 Rxe8 39. Kf6 1-0

[Event "XLI Barbera del Valles Open 2018"]
[Site "Barbera del Valles"]
[Date "2018.07.06"]
[Round "3"]
[White "Karthik Venkataraman"]
[Black "Alonso Moyano, Jonathan"]
[Result "1/2-1/2"]
[ECO "B94"]
[WhiteElo "2514"]
[BlackElo "2400"]
[Annotator "ChessBase"]
[PlyCount "75"]
[EventDate "2018.07.04"]
[EventType "swiss"]
[EventCountry "ESP"]
[SourceTitle "playchess.com"]
[Source "ChessBase"]
[SourceQuality "1"]
[TimeControl "5400+30"]

1. e4 c5 2. Nf3 d6 3. Nc3 Nf6 4. d4 cxd4 5. Nxd4 a6 6. Bg5 Nbd7 7. Bc4 g6 8. Qd2 h6 9. Bxf6 Nxf6 10. f4 Bg7 11. O-O-O Qc7 12. Bb3 Bg4 13. Rde1 e5 14. h3 exd4 15. Nd5 Nxd5 16. exd5+ Kd7 17. hxg4 Rae8 18. a4 Rxe1+ 19. Rxe1 Re8 20. a5 Rxe1+ 21. Qxe1 Kd8 22. Ba4 Qe7 23. Qxe7+ Kxe7 24. Kd2 g5 25. fxg5 hxg5 26. b4 Kd8 27. Kd3 Be5 28. Kc4 Kc7 29. Be8 f6 30. Ba4 b6 31. Bc6 bxa5 32. bxa5 Bf4 33. Kxd4 Bd2 34. c3 Be1 35. Ba4 Kb7 36. Bd1 Kc7 37. Be2 Kb7 38. Bd3 1/2-1/2

[Event "XLI Barbera del Valles Open 2018"]
[Site "Barbera del Valles"]
[Date "2018.07.06"]
[Round "3"]
[White "Oliva Castaneda, Kevel"]
[Black "Perez Mitjans, Orelvis"]
[Result "1/2-1/2"]
[ECO "E73"]
[WhiteElo "2491"]
[BlackElo "2399"]
[Annotator "ChessBase"]
[PlyCount "33"]
[EventDate "2018.07.04"]
[EventType "swiss"]
[EventCountry "ESP"]
[SourceTitle "playchess.com"]
[Source "ChessBase"]
[SourceQuality "1"]
[TimeControl "5400+30"]

1. d4 Nf6 2. c4 g6 3. Nc3 Bg7 4. e4 d6 5. Be2 O-O 6. Be3 e5 7. d5 Ne8 8. g4 f5 9. gxf5 gxf5 10. exf5 Bxf5 11. Nf3 Nd7 12. Rg1 Kh8 13. Bg5 Bf6 14. Qd2 Nc5 15. Qe3 Bxg5 16. Nxg5 a5 17. O-O-O 1/2-1/2

[Event "XLI Barbera del Valles Open 2018"]
[Site "Barbera del Valles"]
[Date "2018.07.06"]
[Round "3"]
[White "Iniyan, P."]
[Black "Kumar, Gaurav"]
[Result "1-0"]
[ECO "E21"]
[WhiteElo "2451"]
[BlackElo "2074"]
[Annotator "ChessBase"]
[PlyCount "61"]
[EventDate "2018.07.04"]
[EventType "swiss"]
[EventCountry "ESP"]
[SourceTitle "playchess.com"]
[Source "ChessBase"]
[SourceQuality "1"]
[TimeControl "5400+30"]

1. d4 Nf6 2. c4 e6 3. Nc3 Bb4 4. Nf3 c5 5. g3 Nc6 6. Bg2 Ne4 7. Qd3 cxd4 8. Nxd4 Nxc3 9. bxc3 Ne5 10. Qc2 Be7 11. Qb3 a6 12. O-O Qc7 13. Bf4 f6 14. Nf3 g5 15. Bxe5 fxe5 16. Qc2 Qxc4 17. Nxe5 Qc5 18. Nd3 Qa7 19. Qa4 O-O 20. Qg4 d6 21. Kh1 e5 22. Qc4+ Kh8 23. f4 exf4 24. gxf4 b5 25. Qd5 Bg4 26. Rae1 gxf4 27. h3 Bf5 28. e4 Bg6 29. Nxf4 Qc5 30. Qe6 Kg7 31. Qxe7+ 1-0

[Event "XLI Barbera del Valles Open 2018"]
[Site "Barbera del Valles"]
[Date "2018.07.06"]
[Round "3"]
[White "Himanshu, Sharma"]
[Black "Guseinov, Gadir"]
[Result "0-1"]
[ECO "B34"]
[WhiteElo "2420"]
[BlackElo "2654"]
[Annotator "RC"]
[PlyCount "118"]
[EventDate "2018.07.04"]
[EventType "swiss"]
[EventCountry "ESP"]
[SourceTitle "playchess.com"]
[Source "ChessBase"]
[SourceQuality "1"]
[TimeControl "5400+30"]

1. e4 c5 2. Nc3 Nc6 3. Nge2 g6 4. d4 cxd4 5. Nxd4 Bg7 6. Nde2 Nf6 7. a4 O-O 8. g3 b6 9. Bg2 Ba6 10. O-O Rc8 11. Nb5 d6 12. Ra3 Nd7 13. Re3 Bb7 14. c4 a6 15. Nbc3 Na5 16. b3 Nc5 17. b4 Nxc4 18. bxc5 Nxe3 19. Bxe3 bxc5 20. h4 e6 21. Qd2 Qe7 22. Bg5 f6 23. Bf4 Rfd8 24. Rd1 Bf8 25. Qa2 Qf7 26. Be3 Re8 27. Nf4 Rcd8 28. Bf1 g5 29. hxg5 fxg5 30. Nfe2 h6 31. Bg2 Rd7 32. a5 Bc6 33. Na4 Bg7 34. Nb6 Rdd8 35. Qb3 Qg6 36. Nc4 Bf8 37. Nc3 Qf7 38. Nb6 Bg7 39. Qc4 Qb7 40. Nca4 Bb5 41. Qc2 Qf7 42. Nc3 Bc6 43. Nc4 d5 44. exd5 Bxd5 45. Ne4 Qf5 46. Rc1 Bxc4 47. Qxc4 Bd4 48. Qe2 Qe5 49. Re1 Bxe3 50. fxe3 Rb8 51. Qxa6 Rb2 52. Re2 Rb1+ 53. Kh2 g4 54. Nf2 Qh5+ 55. Nh3 gxh3 56. Be4 Rb4 57. Bc6 Reb8 58. Qd3 Qxe2+ 59. Qxe2 Rb2 0-1

[Event "XLI Barbera del Valles Open 2018"]
[Site "Barbera del Valles"]
[Date "2018.07.06"]
[Round "3"]
[White "Neelash Saha"]
[Black "Alsina Leal, Daniel"]
[Result "1-0"]
[ECO "A45"]
[WhiteElo "2319"]
[BlackElo "2492"]
[Annotator "RC"]
[PlyCount "83"]
[EventDate "2018.07.04"]
[EventType "swiss"]
[EventCountry "ESP"]
[SourceTitle "playchess.com"]
[Source "ChessBase"]
[SourceQuality "1"]
[TimeControl "5400+30"]

1. d4 Nf6 2. Bf4 g6 3. Nc3 d5 4. e3 Bg7 5. h4 c5 6. Nb5 Na6 7. c3 h6 8. Be2 Bd7 9. a4 c4 10. b3 cxb3 11. Qxb3 O-O 12. Nf3 Bg4 13. Nd2 Bxe2 14. Kxe2 Ne4 15. Nxe4 dxe4 16. Qc2 Qd5 17. c4 Rfc8 18. Rhc1 Qf5 19. Rab1 e5 20. Bg3 Rd8 21. Rd1 b6 22. Kf1 exd4 23. exd4 Bf8 24. Re1 Re8 25. Bd6 Bg7 26. Bg3 Bf8 27. Bd6 Bg7 28. c5 bxc5 29. dxc5 Qg4 30. c6 Qxh4 31. Kg1 h5 32. c7 Qg4 33. Qc6 h4 34. Rb3 f5 35. f3 Qg5 36. f4 Qg4 37. Qxa6 g5 38. fxg5 f4 39. Qc6 a6 40. Rxe4 Rec8 41. Qd5+ Kh7 42. Rxf4 1-0

[Event "XLI Barbera del Valles Open 2018"]
[Site "Barbera del Valles"]
[Date "2018.07.07"]
[Round "4"]
[White "Guseinov, Gadir"]
[Black "Martinez Alcantara, Jose Eduardo"]
[Result "1/2-1/2"]
[ECO "B23"]
[WhiteElo "2654"]
[BlackElo "2545"]
[Annotator "ChessBase"]
[PlyCount "130"]
[EventDate "2018.07.04"]
[EventType "swiss"]
[EventCountry "ESP"]
[SourceTitle "playchess.com"]
[Source "ChessBase"]
[SourceQuality "1"]
[TimeControl "5400+30"]

1. e4 c5 2. Nc3 d6 3. d4 cxd4 4. Qxd4 Nc6 5. Qd2 Nf6 6. b3 a6 7. Bb2 e6 8. f3 b5 9. O-O-O Be7 10. g4 Nxg4 11. Nh3 Nf6 12. Rg1 Rg8 13. Kb1 Qb6 14. f4 Bb7 15. f5 Ne5 16. Bg2 Nfg4 17. fxe6 fxe6 18. Ng5 Bxg5 19. Qxg5 h6 20. Qh4 g5 21. Qh5+ Rg6 22. Ne2 O-O-O 23. Ng3 Kb8 24. h3 Nf6 25. Qe2 Qc7 26. Rd2 Nfd7 27. Rgd1 Nf7 28. Bf3 Nde5 29. Bh5 Rgg8 30. Qf2 g4 31. Bxg4 Nxg4 32. hxg4 Rxg4 33. e5 d5 34. Nh5 Ng5 35. Nf6 Ne4 36. Nxe4 Rxe4 37. Qf6 Bc8 38. Qxh6 Rg8 39. Rf2 b4 40. Qd2 a5 41. Re2 Rh4 42. Rg2 Rf8 43. Bd4 Re4 44. Re2 Rh4 45. Rf2 Rg8 46. Rf4 Rxf4 47. Qxf4 Ba6 48. Qf2 Kb7 49. Rg1 Rxg1+ 50. Qxg1 Be2 51. Kb2 Bf3 52. c3 Be4 53. Qe1 bxc3+ 54. Bxc3 a4 55. Bd4 axb3 56. axb3 Qc6 57. Qb4+ Kc8 58. Qf8+ Kb7 59. Qe7+ Kc8 60. Bc5 Qd7 61. Qf8+ Kb7 62. Bd6 Qc8 63. Qe7+ Kb6 64. Qg5 d4 65. Qd2 Qc3+ 1/2-1/2

[Event "XLI Barbera del Valles Open 2018"]
[Site "Barbera del Valles"]
[Date "2018.07.07"]
[Round "4"]
[White "Guliyev, Namig"]
[Black "Valenzuela Gomez, Fernando"]
[Result "1/2-1/2"]
[ECO "B92"]
[WhiteElo "2545"]
[BlackElo "2389"]
[Annotator "ChessBase"]
[PlyCount "177"]
[EventDate "2018.07.04"]
[EventType "swiss"]
[EventCountry "ESP"]
[SourceTitle "playchess.com"]
[Source "ChessBase"]
[SourceQuality "1"]
[TimeControl "5400+30"]

1. e4 c5 2. Nf3 d6 3. d4 cxd4 4. Nxd4 Nf6 5. Nc3 a6 6. Be3 Ng4 7. Bc1 Nf6 8. Be2 Nbd7 9. O-O g6 10. a4 b6 11. f4 Bb7 12. Bf3 e5 13. Nde2 Qc7 14. g4 d5 15. exd5 e4 16. Nxe4 Nxe4 17. Bxe4 Nf6 18. Bf3 O-O-O 19. Nd4 Nxd5 20. c3 Bc5 21. Qe2 Rhe8 22. Qf2 Kb8 23. Bg2 Nb4 24. Bxb7 Qxb7 25. f5 Ka8 26. Be3 Rxe3 27. Qxe3 Nc2 28. Nxc2 Qe4 29. Qxc5 Qxg4+ 30. Kh1 bxc5 31. Rf2 Qe4+ 32. Kg1 Qg4+ 33. Kh1 gxf5 34. Ne3 Qe4+ 35. Ng2 Rg8 36. a5 h5 37. Re1 Qc6 38. h4 f4 39. Ref1 Rg3 40. Kh2 Rg4 41. Rf3 Qe4 42. R1f2 Kb7 43. b3 Rg3 44. Rxg3 fxg3+ 45. Kxg3 Qe5+ 46. Nf4 Qxc3+ 47. Rf3 Qg7+ 48. Kf2 Qg4 49. Ng2 Qd4+ 50. Kg3 f5 51. Nf4 Qg7+ 52. Kf2 Qc7 53. Kg2 Qe7 54. Nxh5 Qxh4 55. Rxf5 Qe4+ 56. Rf3 Qe2+ 57. Kg3 Qe1+ 58. Kg4 Qxa5 59. Nf4 Kc6 60. Nd3 Qc3 61. Kf5 Qc2 62. Ke4 Kb5 63. Ke3 Qxb3 64. Rf5 Qe6+ 65. Re5 Qh6+ 66. Ke4 Qh4+ 67. Ke3 Qg3+ 68. Ke4 Qg2+ 69. Ke3 Qg1+ 70. Kd2 Kc4 71. Re4+ Kb3 72. Nc1+ Ka3 73. Rc4 Qf1 74. Nd3 Qg2+ 75. Kc3 Qg7+ 76. Kc2 Qg2+ 77. Kc3 a5 78. Nxc5 Qg7+ 79. Kc2 Qg6+ 80. Kc3 Qf6+ 81. Kc2 Qf5+ 82. Kc3 Qe5+ 83. Kc2 Qe2+ 84. Kc3 Qb2+ 85. Kd3 Qb1+ 86. Kc3 Qa1+ 87. Kc2 Qa2+ 88. Kc3 Qb2+ 89. Kd3 1/2-1/2